 Dungeon Crawl Stone Soup version 0.28-a0-1629-gf728b707aa (webtiles) character file.

Game seed: 2226120988665200014

109 vineage the Skirmisher (level 4, -1/30 HPs)
             Began as a Gargoyle Fighter on Jan 24, 2022.
             Slain by a steam dragon (9 damage)
             ... on level 3 of the Dungeon.
             The game lasted 00:03:47 (2347 turns).

vineage the Skirmisher (Gargoyle Fighter)           Turns: 2347, Time: 00:03:47

Health: -1/30      AC: 10    Str: 19    XL:     4   Next: 90%
Magic:  4/4        EV:  9    Int:  9    God:
Gold:   109        SH:  5    Dex: 11    Spells: 3/3 levels left

rFire   + . .      SeeInvis .   a - +0 flail
rCold   + . .      Faith    .   c - +1 buckler
rNeg    + . .      Spirit   .   b - +0 scale mail
rPois   ∞          Reflect  .   (no helmet)
rElec   +          Harm     .   (no cloak)
rCorr   .          Rampage  .   (no gloves)
Will    .....                   (no boots)
Stlth   ..........              (no amulet)
HPRegen 0.10/turn               d - ring of protection from cold
MPRegen 0.09/turn               m - ring of protection from fire

@: brilliant
A: sickness immunity, AC +3, negative energy resistance 1, electricity
resistance, torment resistance 1, petrification resistance
a: no special abilities


You were on level 3 of the Dungeon.
You visited 1 branch of the dungeon, and saw 3 of its levels.

You collected 109 gold pieces.

Inventory:

Hand Weapons
 a - a +0 flail (weapon)
Armour
 b - a +0 scale mail (worn)
 c - a +1 buckler (worn)
Jewellery
 d - a ring of protection from cold (left hand)
 m - a ring of protection from fire (right hand)
Scrolls
 e - a scroll of identify
 f - a scroll of fog {unknown}
Potions
 h - a potion of curing


   Skills:
 * Level 4.5 Fighting
 + Level 2.7 Maces & Flails
 + Level 4.0 Armour
 + Level 3.9 Shields


You had 3 spell levels left.
You didn't know any spells.
Your spell library contained the following spells:

 Spells                   Type           Power      Damage    Failure   Level
 Apportation              Tloc           0%         N/A       83%         1


Dungeon Overview and Level Annotations

Branches:
Dungeon (3/15)

Altars:
Xom

Shops:
D:3 [


Innate Abilities, Weirdness & Mutations

You are immune to sickness and miasma.
Your stone body is resilient. (AC +3)
You are immune to poison.
You resist negative energy. (rN+)
You are resistant to electric shocks. (rElec)
You are resistant to unholy torment.
You are immune to petrification.


Message History

It was a potion of brilliance.
You feel clever all of a sudden.
You sock the steam dragon!
The steam dragon is moderately wounded.
You block the steam dragon's attack. The steam dragon completely misses you.
You hit the steam dragon.
The steam dragon is moderately wounded.
The steam dragon bites you but does no damage.
The steam dragon claws you. The steam dragon closely misses you.
The steam dragon claws you but does no damage.
You closely miss the steam dragon.
The steam dragon is moderately wounded.
The steam dragon barely misses you. The steam dragon claws you.
You closely miss the steam dragon.
The steam dragon is moderately wounded.
The steam dragon breathes steam at you. The ball of steam hits you! You resist.
You hit the steam dragon.
The steam dragon is heavily wounded.
The steam dragon breathes steam at you.
The ball of steam hits you but does no damage.
You block the steam dragon's attack. x2
You closely miss the steam dragon.
The steam dragon is heavily wounded.
The steam dragon bites you. You block the steam dragon's attack.
You sock the steam dragon!
The steam dragon is severely wounded.
The steam dragon breathes steam at you. The ball of steam hits you. You resist.
* * * LOW HITPOINT WARNING * * *
You barely miss the steam dragon.
The steam dragon is severely wounded.
The steam dragon closely misses you.
The steam dragon claws you but does no damage.
The steam dragon barely misses you.
The steam dragon claws you but does no damage.
You completely miss the steam dragon.
The steam dragon is severely wounded.
The steam dragon bites you!
You die...

#.....#..............#.#
####.................####.#
......(...................#
####..†..........∩...######
.........#.#.........#
####.....#.#>........#
....##.#.#.#####.#####
###.##.#.#.# #D# #<##.#.#.#
#@# ####.#.#.# #.# ..#.#.#
#.# ## #.# #§# #.. ###


You could see a steam dragon.

Vanquished Creatures
  4 gnolls
  2 adders (D:2)
  3 dart slugs
  4 bats
  2 endoplasms (D:2)
  3 giant cockroaches (D:2)
  3 goblins
  4 hobgoblins
  3 jackals (D:3)
  2 quokkas (D:2)
  2 ball pythons
  3 frilled lizards
  6 kobolds
  5 rats
46 creatures vanquished.

Vanquished Creatures (others)
  2 plants (D:3)
2 creatures vanquished.

Grand Total: 48 creatures vanquished

Notes
Turn   | Place    | Note
-------+----------+-------------------------------------------
     0 | D:1      | vineage the Gargoyle Fighter began the quest for the Orb.
     0 | D:1      | Reached XP level 1. HP: 14/14 MP: 1/1
   216 | D:1      | Reached XP level 2. HP: 13/19 MP: 2/2
   703 | D:1      | Reached XP level 3. HP: 3/24 MP: 3/3
  1139 | D:2      | Reached XP level 4. HP: 29/29 MP: 4/4
  1401 | D:2      | Found a shimmering altar of Xom.
  1634 | D:2      | You fall into a shaft and drop 1 floor!
  1634 | D:3      | Found a faded altar of an unknown god.
  1695 | D:3      | Noticed a steam dragon
  2135 | D:3      | Found Ciavohat's Antique Armour Shoppe.
  2242 | D:3      | Got Plato's Volume of Dislocation
  2347 | D:3      | Slain by a steam dragon

Illustrated notes

Levels and vault maps discovered:
D:1:      minmay_arrival_stone_box, layout_basic
D:2:      layout_loops_ring, basic_altar
D:3:      layout_basic, gammafunk_temple_overflow_claw,
          shapermc_ecumenical_altar_rom_forum, serial_shops, shop

Skill      XL: |  1  2  3  4 |
---------------+-------------+-----
Fighting       | 4 |  4.5
Armour         | 4 |  4.0
Maces & Flails | |  2.7
Shields        | |  3.9

Action                   |  1- 3 |  4- 6 || total
-------------------------+-------+-------++-------
Melee: Flail             |    63 |   112 ||   175
  Use: Potion            |     1 |     4 ||     5
       Scroll            |       |     6 ||     6
Armor: Scale mail        |    29 |   113 ||   142
Dodge: Dodged            |    34 |   108 ||   142
Block: Buckler           |    12 |    72 ||    84

Table legend: (Time is in decaauts)
 A = Elapsed time spent in this place.
 B = Non-inter-level travel time spent in this place.
 C = Inter-level travel time spent in this place.
 D = Time resting spent in this place.
 E = Time spent auto-exploring this place.
 F = Levels seen in this place.
 G = Mean time per level.
                   A        B        C        D        E       F      G
               +--------+--------+--------+--------+--------+-----+--------+
         Total |   2402 |   2299 |    103 |    253 |   1459 |   3 |  800.7 |
       Dungeon |   2402 |   2299 |    103 |    253 |   1459 |   3 |  800.7 |
               +--------+--------+--------+--------+--------+-----+--------+

Top non-repeatable levels by time:
     D:2: 1008 daAuts
     D:1: 960 daAuts
     D:3: 433 daAuts
